 Dungeon Crawl Stone Soup version 0.30.0-20-g3615ddf2f0 (webtiles) character file.

Game seed: 1485549232897419149

108788 qw the Severer (level 16, -12/104 HPs)
             Began as a Gargoyle Fighter on May 30, 2023.
             Was an Elder of Okawaru.
             Killed from afar by Jorgrun (56 damage)
             ... with an iron shot
             ... on level 1 of the Orcish Mines.
             The game lasted 00:10:50 (20445 turns).

qw the Severer (Gargoyle Fighter)                  Turns: 20445, Time: 00:10:50

Health: -12/104    AC: 41    Str: 33    XL:     16   Next: 50%
Magic:  22/23      EV: 11    Int: 10    God:    Okawaru [****..]
Gold:   1384       SH: 12    Dex:  9    Spells: 15/15 levels left

rFire   . . .        A - +3 broad axe (venom)
rCold   . . .        c - +0 buckler
rNeg    + + +        e - +0 plate armour
rPois   inf          x - +0 helmet of Doog {rN++ SInv Stlth+}
rElec   +            y - +0 cloak
rCorr   .            u - +2 pair of gloves
SInv    +            n - +2 pair of boots
Will    +....        o - amulet of reflection Stlth
                     C - +6 ring of strength
HPRegen 0.37/turn    s - +4 ring of slaying {mikee}
MPRegen 0.18/turn

%: reflection
@: heroic, flying
A: sickness immunity, AC +12, big wings, negative energy resistance 1,
electricity resistance, torment resistance 1, petrification resistance, see
invisible, passive freeze
a: Renounce Religion, Heroism, Finesse


You were on level 1 of the Orcish Mines.
You worshipped Okawaru.
Okawaru was greatly pleased with you.
You visited 4 branches of the dungeon, and saw 22 of its levels.
You also visited: Sewer and Gauntlet.

You collected 1824 gold pieces.
You spent 440 gold pieces at shops.


Innate Abilities, Weirdness & Mutations

You are immune to sickness and miasma.
Your stone body is resilient. (AC +12)
You are immune to poison.
Your large and strong wings let you fly.
You resist negative energy. (rN+)
You are resistant to electric shocks. (rElec)
You are resistant to unholy torment.
You are immune to petrification.
You have supernaturally acute eyesight. (SInv)
A frigid envelope surrounds you and freezes all who hurt you.


   Skills:
 - Level 13.0(18.0) Fighting
 + Level 16.9(21.9) Axes
 - Level 7.0(12.0) Throwing
 - Level 13.1(18.1) Armour
 - Level 3.0(8.0) Dodging
 - Level 8.0(13.0) Shields
 - Level 10.1 Invocations


You had 15 spell levels left.
You didn't know any spells.
Your spell library was empty.

Inventory:

Hand Weapons
 r - a +0 morningstar
 A - a +3 broad axe of venom (weapon)
Missiles
 b - 3 boomerangs
 w - 6 javelins
 B - a silver javelin (quivered)
Armour
 c - a +0 buckler (worn)
 e - a +0 plate armour (worn)
 f - the +4 ring mail "Guygg" {rF- rC+ Str+3}
   (You found it on level 2 of the Dungeon)

   Str:       It affects your strength (+3).
   rF:        It makes you vulnerable to fire.
   rC:        It protects you from cold.
 n - a +2 pair of boots (worn)
 u - a +2 pair of gloves (worn)
 x - the +0 helmet of Doog (worn) {rN++ SInv Stlth+}
   (Okawaru gifted it to you on level 3 of the Lair of Beasts)

   rN:        It greatly protects you from negative energy.
   SInv:      It lets you see invisible.
   Stlth:     It makes you more stealthy.
 y - a +0 cloak (worn)
Jewellery
 o - an amulet of reflection (around neck)
 s - a +4 ring of slaying (right hand) {mikee}
 t - the ring of Viurropsun {Drain rN+++ Dex+6 SInv}
   (You found it in a Gauntlet)

   [ring of dexterity]

   Dex:       It affects your dexterity (+6).
   rN:        It renders you almost immune to negative energy.
   SInv:      It lets you see invisible.
   Drain:     It drains your maximum health when unequipped.
 v - a ring of ice
 C - a +6 ring of strength (left hand)
 D - the brooch of Shielding {Spirit SH+8}
   (You found it on level 12 of the Dungeon)

   [amulet of guardian spirit]

   It causes incoming damage to be divided between your reserves of health and
   magic.
   SH:        It affects your SH (+8).
 Y - a ring of protection from fire
Wands
 E - a wand of digging (3)
Scrolls
 g - 9 scrolls of identify
 p - 4 scrolls of teleportation
Potions
 a - 6 potions of curing
 d - 3 potions of might
 h - a potion of resistance
 i - 2 potions of haste
 j - 5 potions of cancellation
 k - a potion of magic
 l - 2 potions of attraction
 m - 6 potions of heal wounds
 q - 6 potions of mutation
 z - 3 potions of lignification

Dungeon Overview and Level Annotations

Branches:
Dungeon (15/15)            Temple (1/1) D:6            Lair (5/5) D:9
  Swamp (0/4) Lair:2       Spider (0/4) Lair:3        Slime (0/5) Lair:5
    Orc (1/2) D:12         Vaults (0/5) D:14         Depths (0/4) D:15
  Sewer (visited)         Gauntlet (visited)

Altars:
Ashenzari
Cheibriados
Dithmenos
Elyvilon
Fedhas
Gozag
Hepliaklqana
Kikubaaqudgha
Makhleb
Nemelex Xobeh
Okawaru
Qazlal
Ru
Sif Muna
Trog
Uskayaw
Vehumet
Wu Jian
Xom
Yredelemnul
Zin
The Shining One
Jiyva

Shops:
D:7 =   D:13 *

Annotations:
D:4 1 runed translucent door
D:5 2 transporters, qw's ghost, amateur GrFi
Orc:1 Jorgrun


Message History

You shatter!!
Enter note: You block the ogre's attack.
Jorgrun gestures at you while chanting.
Roots burst forth from the earth!
The grasping roots grab you! The grasping roots constrict you.
Enter note: You miss Jorgrun.
You slice the ogre!!
You kill the ogre!
Okawaru accepts your kill.
You slash Jorgrun!
Jorgrun is lightly wounded.
Jorgrun closely misses you. The grasping roots constrict you.
You slash Jorgrun!
Jorgrun looks as sick as possible!
Jorgrun is lightly wounded.
Jorgrun points at you and mumbles some strange words.
The iron shot hits you!! The grasping roots constrict you!
You closely miss Jorgrun.
Jorgrun is moderately wounded.
You completely miss Jorgrun.
Jorgrun is moderately wounded.
Jorgrun hits you with a staff of earth.
Jorgrun is very cold.
Jorgrun is moderately wounded.
The grasping roots constrict you.
You barely miss Jorgrun.
Jorgrun is moderately wounded.
You block Jorgrun's attack. The grasping roots constrict you.
You slash Jorgrun!
Jorgrun looks as sick as possible!
Jorgrun is moderately wounded.
Jorgrun hits you but does no damage. The grasping roots constrict you.
You slice Jorgrun!!
Jorgrun looks as sick as possible!
Jorgrun is heavily wounded.
The grasping roots release their grip on you.
You slice Jorgrun!!
Jorgrun is severely wounded.
Jorgrun gestures at you while chanting. The iron shot hits you!!!
Ouch! That really hurt!
You die...

.. ......# ... #.....
.... #....# #...###....
#....#.... .........#
#.....g).# #....@.#
##.....### #######
##......#.##
........###..........#
......##....##.....###
#..........####.....###
. #.........# ##).....#
.#
##.......#####..^..###
..##..........#....####


You could see Jorgrun (extremely poisoned).

Vanquished Creatures
  Rupert (Lair:5)
  A minotaur (Gauntlet)
  4 vault guards (D:14)
  A rakshasa (D:14)
  6 hydras
  4 catoblepae
  A death knight (D:15)
  A two-headed ogre (D:10)
  4 boulder beetles
  2 centaur warriors
  16 death yaks
  A tengu warrior (D:14)
  2 skysharks
  2 sixfirhies (Gauntlet)
  A skeletal warrior (D:14)
  A pharaoh ant (Lair:3)
  A wizard (D:15)
  A necromancer (D:15)
  3 deep elf pyromancers
  A wolf spider zombie (D:15)
  An orc sorcerer (D:15)
  An oklob plant (Lair:2)
  5 cyclopes
  3 manticores
  9 elephants
  8 ugly things
  A black mamba (shapeshifter) (D:14)
  3 black mambas
  15 cane toads
  An apocalypse crab (Gauntlet)
  A naga mage (D:15)
  2 centaur skeletons (D:15)
  2 rime drakes
  A freezing wraith (D:14)
  An efreet (D:14)
  An unseen horror (D:13)
  A komodo dragon (shapeshifter) (D:15)
  6 komodo dragons
  A queen bee (D:12)
  6 trolls
  A polar bear (shapeshifter) (D:14)
  A polar bear (D:15)
  4 meliai
  3 tarantellas (Lair:3)
  17 blink frogs
  5 slime creatures (D:13)
  Sigmund (D:2)
  A spriggan (Lair:5)
  A water elemental (D:15)
  2 wraiths
  2 shadows
  4 wyverns
  4 basilisks
  72 yaks
  10 vampire mosquitoes
  3 steam dragons
  Duvessa (D:4)
  7 water moccasins
  A meliai simulacrum (D:15)
  9 orc warriors
  2 ice beasts (D:6)
  3 ogres
  3 black bears
  4 boggarts (D:14)
  8 centaurs
  16 wolves
  11 kobold brigands
  2 phantoms
  6 bullfrogs
  3 gnoll sergeants
  3 scorpions
  6 wights (D:8)
  Dowan (D:4)
  28 killer bees
  An electric eel (D:15)
  8 howler monkeys
  2 jellies (D:6)
  5 orc priests
  5 hounds
  A gnoll bouda (D:6)
  3 sleepcaps
  Jessica (D:2)
  2 iguanas
  Ijyb (D:4)
  A boggart zombie (D:15)
  Natasha (twice) (D:2)
  11 orc wizards
  35 gnolls
  7 adders
  2 river rats (Sewer)
  4 white imps
  An ufetubus (D:5)
  7 worms
  A dart slug (D:1)
  49 orcs
  6 endoplasms
  3 giant cockroaches (D:6)
  9 hobgoblins
  17 jackals
  23 kobolds
  5 quokkas
  13 ball pythons
  7 bats
  4 frilled lizards
  5 goblins
  A goblin zombie (D:4)
  A jackal zombie (D:4)
  12 rats
623 creatures vanquished.

Vanquished Creatures (others)
  A water elemental (D:15)
1 creature vanquished.

Grand Total: 624 creatures vanquished

Notes
Turn   | Place    | Note
-------+----------+-------------------------------------------
     0 | D:1      | qw the Gargoyle Fighter began the quest for the Orb.
     0 | D:1      | Reached XP level 1. HP: 14/14 MP: 1/1
     0 | D:1      | 0 ||| qw: Version: 0.2-a-102-g2b76a06
     0 | D:1      | 0 ||| qw: Game counter: 471
     0 | D:1      | 0 ||| qw: Always use a shield: true
     0 | D:1      | 0 ||| qw: God list: Okawaru
     0 | D:1      | 0 ||| qw: Allow faded altars: false
     0 | D:1      | 0 ||| qw: Do Orc after D:15 true
     0 | D:1      | 0 ||| qw: Do second Lair branch before Depths: true
     0 | D:1      | 0 ||| qw: Lair rune preference: random
     0 | D:1      | 0 ||| qw: Plans: Normal, Zot:1-4, Slime:5, God:TSO, Crypt,
                  | Tomb, Pan, Hells, Abyss, Win
     0 | D:1      | 0 ||| PLANNING D:1-11
    85 | D:1      | Reached skill level 2 in Axes
   172 | D:1      | Reached XP level 2. HP: 19/19 MP: 2/2
   197 | D:1      | 197 ||| Stepping ~*~*~tactically~*~*~ (hiding).
   550 | D:1      | 550 ||| DROPPING +0 club.
   566 | D:1      | 566 ||| UPGRADING to +0 chain mail.
   576 | D:1      | 576 ||| DROPPING +0 scale mail.
   577 | D:1      | 577 ||| READING scroll labelled DITAOKK TUABUM.
   578 | D:1      | 578 ||| READING scroll labelled JUWAHEPSUITO.
   579 | D:1      | 579 ||| READING 2 scrolls labelled RUUPPE EPOAG.
   580 | D:1      | 580 ||| READING scroll labelled RYCUF YCOENOWN.
   617 | D:2      | Noticed Natasha
   633 | D:2      | Killed Natasha
   634 | D:2      | Reached skill level 3 in Axes
   634 | D:2      | Reached XP level 3. HP: 14/23 MP: 3/3
   790 | D:2      | Identified the +4 ring mail "Guygg" {rF- rC+ Str+3}
   843 | D:2      | Noticed Jessica
   845 | D:2      | Noticed Sigmund
   847 | D:2      | Killed Jessica
   848 | D:2      | Reached skill level 4 in Axes
   848 | D:2      | Reached XP level 4. HP: 24/28 MP: 4/4
   852 | D:2      | Killed Sigmund
   853 | D:2      | Reached skill level 5 in Axes
   853 | D:2      | Reached XP level 5. HP: 20/32 MP: 5/5
   853 | D:2      | Reached XP level 6. HP: 24/37 MP: 6/6
   854 | D:2      | 854 ||| Stepping ~*~*~tactically~*~*~ (stealth).
   905 | D:2      | Noticed Natasha
   909 | D:2      | Killed Natasha
   913 | D:2      | 913 ||| Stepping ~*~*~tactically~*~*~ (stealth).
  1472 | D:2      | 1472 ||| UPGRADING to +0 pair of boots.
  1477 | D:2      | 1477 ||| READING scroll of enchant armour.
  1477 | D:2      | 1477 ||| ENCHANTING +0 pair of boots.
  1478 | D:2      | 1478 ||| UPGRADING to ring of positive energy.
  1479 | D:2      | 1479 ||| READING scroll labelled VUULEO USUZUMU.
  1480 | D:2      | 1480 ||| READING 2 scrolls labelled RUYDIR PEUCWA.
  1481 | D:2      | 1481 ||| READING 2 scrolls of identify.
  1481 | D:2      | 1481 ||| IDENTIFYING lumpy brown potion
  1482 | D:2      | 1482 ||| DROPPING scroll of noise.
  1514 | D:3      | 1514 ||| Stepping ~*~*~tactically~*~*~ (hiding).
  1515 | D:3      | 1515 ||| Stepping ~*~*~tactically~*~*~ (hiding).
  1826 | D:3      | Found a hazy altar of Hepliaklqana.
  1849 | D:3      | 1849 ||| Stepping ~*~*~tactically~*~*~ (hiding).
  2153 | D:3      | Found a shimmering blue altar of Sif Muna.
  2361 | D:3      | 2361 ||| DROPPING amulet of magic regeneration.
  2362 | D:3      | 2362 ||| UPGRADING to amulet of reflection.
  2367 | D:3      | 2367 ||| READING scroll labelled TOC SU WEECKUU.
  2370 | D:3      | 2370 ||| READING scroll labelled OVIOKHL WYZU.
  2371 | D:3      | 2371 ||| READING 2 scrolls of identify.
  2371 | D:3      | 2371 ||| IDENTIFYING fizzy golden potion
  2372 | D:3      | 2372 ||| DROPPING potion of degeneration.
  2415 | D:4      | HP: 1/38 [ogre/+0 giant club (11)]
  2418 | D:4      | Reached skill level 6 in Axes
  2603 | D:4      | Reached skill level 1 in Dodging
  2603 | D:4      | Reached XP level 7. HP: 39/43 MP: 7/7
  2700 | D:4      | Found a runed translucent door.
  2700 | D:4      | Noticed a human
  2706 | D:4      | Noticed Ijyb
  2711 | D:4      | Found a basalt altar of Yredelemnul.
  2716 | D:4      | 2716 ||| DRINKING 4 potions of curing.
  2716 | D:4      | 2716 ||| (to cure confusion)
  2721 | D:4      | 2721 ||| DRINKING 3 potions of curing.
  2721 | D:4      | 2721 ||| (to cure confusion)
  2722 | D:4      | 2722 ||| DRINKING 2 potions of curing.
  2722 | D:4      | 2722 ||| (to cure confusion)
  2738 | D:4      | 2738 ||| DRINKING potion of curing.
  2738 | D:4      | 2738 ||| (to cure confusion)
  2739 | D:4      | Killed Ijyb
  2783 | D:4      | Reached skill level 7 in Axes
  2799 | D:4      | 2799 ||| DROPPING +0 whip.
  3046 | D:4      | 3046 ||| Stepping ~*~*~tactically~*~*~ (stealth).
  3086 | D:4      | Found a shadowy altar of Dithmenos.
  3099 | D:4      | Noticed Duvessa
  3099 | D:4      | Noticed Dowan
  3100 | D:4      | 3100 ||| Stepping ~*~*~tactically~*~*~ (hiding).
  3101 | D:4      | 3101 ||| Stepping ~*~*~tactically~*~*~ (hiding).
  3118 | D:4      | Killed Duvessa
  3119 | D:4      | Reached XP level 8. HP: 50/50 MP: 8/8
  3125 | D:4      | Killed Dowan
  3148 | D:4      | 3148 ||| UPGRADING to +0 plate armour.
  3158 | D:4      | 3158 ||| DROPPING +0 chain mail.
  3159 | D:4      | 3159 ||| READING scroll labelled YMNACH TEKKIU.
  3160 | D:4      | 3160 ||| DRINKING 2 dark potions.
  3160 | D:4      | Gained mutation: You are occasionally teleported next to
                  | monsters. [potion of mutation]
  3160 | D:4      | Gained mutation: You have a pair of small horns on your
                  | head. [potion of mutation]
  3160 | D:4      | Gained mutation: You sometimes lose your temper in combat.
                  | [potion of mutation]
  3161 | D:4      | 3161 ||| DRINKING potion of mutation.
  3161 | D:4      | Lost mutation: You sometimes lose your temper in combat.
                  | [potion of mutation]
  3161 | D:4      | Lost mutation: You have a pair of small horns on your head.
                  | [potion of mutation]
  3161 | D:4      | Gained mutation: Potions are less effective at restoring
                  | your health. [potion of mutation]
  3162 | D:4      | 3162 ||| READING 2 scrolls of identify.
  3162 | D:4      | 3162 ||| IDENTIFYING red potion
  3163 | D:4      | 3163 ||| DROPPING potion of brilliance.
  3206 | D:5      | Entered Level 5 of the Dungeon
  3209 | D:5      | Found a transporter.
  3209 | D:5      | Found a transporter.
  3209 | D:5      | Noticed qw's ghost (amateur GrFi)
  3211 | D:5      | Noticed a hornet
  3248 | D:5      | 3248 ||| SWAPPING to +1 antimagic war axe.
  3249 | D:5      | 3249 ||| DROPPING +0 war axe.
  3313 | D:5      | 3313 ||| Stepping ~*~*~tactically~*~*~ (hiding).
  3357 | D:5      | 3357 ||| DRINKING potion of mutation.
  3357 | D:5      | Lost mutation: Potions are less effective at restoring your
                  | health. [potion of mutation]
  3357 | D:5      | Lost mutation: You are occasionally teleported next to
                  | monsters. [potion of mutation]
  3357 | D:5      | Gained mutation: A frigid envelope surrounds you and
                  | freezes all who hurt you. [potion of mutation]
  3357 | D:5      | Gained mutation: You have supernaturally acute eyesight.
                  | (SInv) [potion of mutation]
  3497 | D:5      | 3497 ||| Stepping ~*~*~tactically~*~*~ (hiding).
  3512 | D:5      | 3512 ||| FLEEEEING.
  3513 | D:5      | 3513 ||| FLEEEEING.
  3514 | D:5      | 3514 ||| FLEEEEING.
  3515 | D:5      | 3515 ||| FLEEEEING.
  3516 | D:5      | 3516 ||| FLEEEEING.
  3517 | D:5      | 3517 ||| FLEEEEING.
  3518 | D:5      | 3518 ||| FLEEEEING.
  3519 | D:5      | 3519 ||| FLEEEEING.
  3520 | D:5      | 3520 ||| FLEEEEING.
  3521 | D:5      | 3521 ||| FLEEEEING.
  3522 | D:5      | 3522 ||| FLEEEEING.
  3523 | D:5      | 3523 ||| FLEEEEING.
  3524 | D:5      | 3524 ||| FLEEEEING.
  3525 | D:5      | 3525 ||| FLEEEEING.
  3526 | D:5      | 3526 ||| FLEEEEING.
  3527 | D:5      | 3527 ||| FLEEEEING.
  3528 | D:5      | 3528 ||| FLEEEEING.
  3529 | D:5      | 3529 ||| FLEEEEING.
  3530 | D:5      | 3530 ||| STAIRDANCE
  3553 | D:4      | 3553 ||| READING scroll labelled VUEWIX GIXKON.
  3908 | D:5      | 3908 ||| Stepping ~*~*~tactically~*~*~ (hiding).
  3909 | D:5      | 3909 ||| Stepping ~*~*~tactically~*~*~ (hiding).
  3910 | D:5      | 3910 ||| Stepping ~*~*~tactically~*~*~ (hiding).
  3911 | D:5      | 3911 ||| Stepping ~*~*~tactically~*~*~ (hiding).
  4034 | D:5      | Reached skill level 1 in Throwing
  4044 | D:5      | 4044 ||| Stepping ~*~*~tactically~*~*~ (stealth).
  4104 | D:5      | Found a glowing golden altar of the Shining One.
  4323 | D:5      | 4323 ||| Stepping ~*~*~tactically~*~*~ (stealth).
  4404 | D:5      | Reached skill level 8 in Axes
  4404 | D:5      | 4404 ||| Stepping ~*~*~tactically~*~*~ (hiding).
  4504 | D:5      | 4504 ||| FLEEEEING.
  4505 | D:5      | 4505 ||| FLEEEEING.
  4506 | D:5      | 4506 ||| FLEEEEING.
  4507 | D:5      | 4507 ||| FLEEEEING.
  4508 | D:5      | 4508 ||| FLEEEEING.
  4509 | D:5      | 4509 ||| FLEEEEING.
  4510 | D:5      | 4510 ||| FLEEEEING.
  4511 | D:5      | 4511 ||| FLEEEEING.
  4512 | D:5      | 4512 ||| FLEEEEING.
  4513 | D:5      | 4513 ||| FLEEEEING.
  4514 | D:5      | 4514 ||| FLEEEEING.
  4515 | D:5      | 4515 ||| FLEEEEING.
  4516 | D:5      | 4516 ||| FLEEEEING.
  4517 | D:5      | 4517 ||| FLEEEEING.
  4518 | D:5      | 4518 ||| FLEEEEING.
  4519 | D:5      | 4519 ||| FLEEEEING.
  4561 | D:5      | 4561 ||| Stepping ~*~*~tactically~*~*~ (stealth).
  4563 | D:5      | 4563 ||| Stepping ~*~*~tactically~*~*~ (hiding).
  4576 | D:5      | Reached skill level 6 in Fighting
  4579 | D:5      | 4579 ||| Stepping ~*~*~tactically~*~*~ (hiding).
  4580 | D:5      | 4580 ||| FLEEEEING.
  4581 | D:5      | 4581 ||| FLEEEEING.
  4582 | D:5      | 4582 ||| FLEEEEING.
  4583 | D:5      | 4583 ||| FLEEEEING.
  4627 | D:5      | 4627 ||| Stepping ~*~*~tactically~*~*~ (stealth).
  4638 | D:5      | 4638 ||| DROPPING +0 flail.
  4912 | D:5      | 4912 ||| READING scroll labelled LEDICEUMIC.
  4967 | D:5      | 4967 ||| DRINKING 2 bubbling green potions.
  5033 | D:6      | 5033 ||| PLANNING SEWER
  5089 | D:6      | Reached XP level 9. HP: 34/55 MP: 9/9
  5164 | D:6      | Found a staircase to the Ecumenical Temple.
  5208 | D:6      | Found a burning altar of Makhleb.
  5265 | D:6      | 5265 ||| Stepping ~*~*~tactically~*~*~ (stealth).
  5273 | D:6      | Found a glowing drain.
  5274 | D:6      | 5274 ||| UPGRADING to +4 ring of slaying {mikee}.
  5282 | Sewer    | Entered a sewer
  5476 | Sewer    | Reached skill level 9 in Axes
  5539 | Sewer    | 5539 ||| Stepping ~*~*~tactically~*~*~ (water).
  5753 | Sewer    | 5753 ||| Stepping ~*~*~tactically~*~*~ (hiding).
  5804 | D:6      | 5804 ||| PLANNING TEMPLE
  5837 | Temple   | Entered the Ecumenical Temple
  5847 | Temple   | 5847 ||| PLANNING OKAWARU WORSHIP
  5852 | Temple   | Became a worshipper of Warmaster Okawaru
  5852 | Temple   | 5852 ||| PLANNING D:1-11
  6107 | D:6      | Reached skill level 6 in Armour
  6226 | D:6      | Found a hide-covered altar of Uskayaw.
  6227 | D:6      | Found a blossoming altar of Fedhas.
  6227 | D:6      | Found a radiant altar of Vehumet.
  6228 | D:6      | Found a snail-covered altar of Cheibriados.
  6231 | D:6      | Found a broken altar of Ashenzari.
  6233 | D:6      | 6233 ||| DRINKING 3 brown potions.
  6286 | D:7      | 6286 ||| Stepping ~*~*~tactically~*~*~ (hiding).
  6288 | D:7      | 6288 ||| Stepping ~*~*~tactically~*~*~ (hiding).
  6446 | D:7      | 6446 ||| Stepping ~*~*~tactically~*~*~ (hiding).
  6502 | D:7      | 6502 ||| Stepping ~*~*~tactically~*~*~ (hiding).
  6515 | D:7      | Reached skill level 10 in Axes
  6574 | D:7      | Found a bloodstained altar of Trog.
  6602 | D:7      | Reached * piety under Okawaru
  6603 | D:7      | Reached XP level 10. HP: 64/64 MP: 10/10
  6603 | D:7      | 6603 ||| INVOKING Heroism.
  6624 | D:7      | 6624 ||| READING scroll of enchant armour.
  6624 | D:7      | 6624 ||| ENCHANTING +1 pair of boots.
  6721 | D:7      | Found Qirof's Jewellery Emporium.
  6732 | D:7      | 6732 ||| SHOPLISTING +5 ring of evasion (468 gold, have
                  | 392).
  6732 | D:7      | 6732 ||| SHOPLISTING +6 ring of strength (468 gold, have
                  | 392).
  6732 | D:7      | 6732 ||| SHOPLISTING amulet of faith (520 gold, have 392).
  6732 | D:7      | 6732 ||| SHOPLISTING ring "Huevur" {rPois Str+6 Int+3} (695
                  | gold, have 392).
  6732 | D:7      | 6732 ||| BUYING ring of protection from fire (325 gold).
  6732 | D:7      | Bought a ring of protection from fire for 325 gold pieces
  6793 | D:7      | Found a sparkling altar of Nemelex Xobeh.
  6806 | D:7      | 6806 ||| UPGRADING to +0 pair of gloves.
  6811 | D:7      | 6811 ||| UPGRADING to ring of protection from fire.
  6813 | D:7      | 6813 ||| READING scroll labelled XIVVIO UNIHOCH.
  6814 | D:7      | 6814 ||| READING 4 scrolls of identify.
  6814 | D:7      | 6814 ||| IDENTIFYING fizzy coppery potion
  6815 | D:7      | 6815 ||| READING 3 scrolls of identify.
  6815 | D:7      | 6815 ||| IDENTIFYING golden potion
  6816 | D:7      | 6816 ||| READING 2 scrolls of identify.
  6816 | D:7      | 6816 ||| IDENTIFYING grey potion
  6817 | D:7      | 6817 ||| DROPPING potion of berserk rage.
  6818 | D:7      | 6818 ||| DROPPING potion of ambrosia.
  6819 | D:7      | 6819 ||| DROPPING potion of flight.
  6915 | D:8      | Reached skill level 1 in Invocations
  6939 | D:8      | 6939 ||| Stepping ~*~*~tactically~*~*~ (stealth).
  7181 | D:8      | 7181 ||| INVOKING Heroism.
  7604 | D:8      | 7604 ||| UPGRADING to +0 helmet.
  7664 | D:9      | Reached skill level 3 in Invocations
  7677 | D:9      | 7677 ||| INVOKING Heroism.
  7686 | D:9      | Reached ** piety under Okawaru
  7724 | D:9      | Found a stormy altar of Qazlal.
  7759 | D:9      | 7759 ||| INVOKING Heroism.
  7762 | D:9      | Reached skill level 11 in Axes
  7792 | D:9      | 7792 ||| INVOKING Heroism.
  7897 | D:9      | 7897 ||| Stepping ~*~*~tactically~*~*~ (stealth).
  7899 | D:9      | 7899 ||| Stepping ~*~*~tactically~*~*~ (stealth).
  7906 | D:9      | Reached XP level 11. HP: 68/68 MP: 14/14
  7907 | D:9      | Reached *** piety under Okawaru
  8120 | D:9      | Found a staircase to the Lair.
  8121 | D:9      | 8121 ||| INVOKING Heroism.
  8124 | D:9      | Reached skill level 9 in Fighting
  8190 | D:9      | 8190 ||| PLANNING LAIR
  8190 | D:9      | 8190 ||| READING scroll labelled FUS QYTSIERI.
  8213 | Lair:1   | Entered Level 1 of the Lair of Beasts
  8214 | Lair:1   | 8214 ||| INVOKING Heroism.
  8235 | Lair:1   | Reached skill level 12 in Axes
  8235 | Lair:1   | Reached **** piety under Okawaru
  8240 | Lair:1   | Received a gift from Okawaru
  8241 | Lair:1   | 8241 ||| STAIRDANCE
  8243 | D:9      | 8243 ||| INVOKING Heroism.
  8320 | Lair:1   | 8320 ||| INVOKING Heroism.
  8333 | Lair:1   | Reached skill level 9 in Armour
  8419 | Lair:1   | 8419 ||| Stepping ~*~*~tactically~*~*~ (hiding).
  8463 | Lair:1   | 8463 ||| INVOKING Heroism.
  8472 | Lair:1   | Reached skill level 6 in Invocations
  8619 | Lair:1   | 8619 ||| INVOKING Heroism.
  8625 | Lair:1   | Reached skill level 6 in Shields
  8824 | Lair:1   | 8824 ||| Stepping ~*~*~tactically~*~*~ (stealth).
  8825 | Lair:1   | 8825 ||| Stepping ~*~*~tactically~*~*~ (stealth).
  8827 | Lair:1   | 8827 ||| Stepping ~*~*~tactically~*~*~ (stealth).
  8830 | Lair:1   | 8830 ||| Stepping ~*~*~tactically~*~*~ (stealth).
  8849 | Lair:1   | Reached XP level 12. HP: 69/76 MP: 17/17
  8988 | Lair:1   | 8988 ||| INVOKING Heroism.
  9174 | Lair:2   | 9174 ||| INVOKING Heroism.
  9340 | Lair:2   | 9340 ||| INVOKING Heroism.
  9386 | Lair:2   | 9386 ||| INVOKING Heroism.
  9446 | Lair:2   | Noticed a catoblepas
  9447 | Lair:2   | 9447 ||| INVOKING Heroism.
  9457 | Lair:2   | Killed a catoblepas
  9536 | Lair:2   | 9536 ||| Stepping ~*~*~tactically~*~*~ (stealth).
  9538 | Lair:2   | 9538 ||| Stepping ~*~*~tactically~*~*~ (stealth).
  9545 | Lair:2   | Reached ***** piety under Okawaru
  9882 | Lair:2   | Found a staircase to the Swamp.
 10324 | Lair:3   | Reached skill level 9 in Invocations
 10410 | Lair:3   | 10410 ||| INVOKING Heroism.
 10437 | Lair:3   | Found a hole to the Spider Nest.
 10544 | Lair:3   | Reached skill level 13 in Axes
 10579 | Lair:3   | Noticed a skyshark
 10586 | Lair:3   | Killed a skyshark
 10721 | Lair:3   | Identified the +0 helmet of Doog {rN++ SInv Stlth+}
                  | (Okawaru gifted it to you on level 3 of the Lair of Beasts)
 10721 | Lair:3   | Received a gift from Okawaru
 10814 | Lair:3   | 10814 ||| Stepping ~*~*~tactically~*~*~ (stealth).
 10820 | Lair:3   | 10820 ||| Stepping ~*~*~tactically~*~*~ (stealth).
 10874 | Lair:3   | Noticed an eight-headed hydra
 10875 | Lair:3   | 10875 ||| INVOKING Heroism.
 10876 | Lair:3   | 10876 ||| INVOKING Finesse.
 10881 | Lair:3   | 10881 ||| SWAPPING to +0 morningstar.
 10882 | Lair:3   | Killed an eight-headed hydra
 10883 | Lair:3   | Reached XP level 13. HP: 79/82 MP: 12/20
 10883 | Lair:3   | 10883 ||| SWAPPING to +2 war axe of draining.
 11221 | Lair:3   | 11221 ||| UPGRADING to +0 helmet of Doog {rN++ SInv
                  | Stlth+}.
 11231 | Lair:3   | 11231 ||| DROPPING +0 helmet.
 11232 | Lair:3   | 11232 ||| READING 2 scrolls of identify.
 11232 | Lair:3   | 11232 ||| IDENTIFYING silvery potion
 11345 | Lair:4   | 11345 ||| Stepping ~*~*~tactically~*~*~ (stealth).
 11692 | Lair:4   | 11692 ||| INVOKING Heroism.
 11744 | Lair:4   | You fall into a shaft and drop 1 floor!
 11744 | Lair:5   | Entered Level 5 of the Lair of Beasts
 11745 | Lair:5   | 11745 ||| INVOKING Heroism.
 11746 | Lair:5   | 11746 ||| INVOKING Finesse.
 11757 | Lair:5   | Reached skill level 14 in Axes
 11776 | Lair:5   | 11776 ||| INVOKING Heroism.
 11835 | Lair:5   | Noticed Rupert
 11836 | Lair:5   | 11836 ||| INVOKING Heroism.
 11859 | Lair:5   | Killed Rupert
 11948 | Lair:5   | Found a dark tunnel.
 11959 | Lair:5   | 11959 ||| Stepping ~*~*~tactically~*~*~ (stealth).
 11961 | Lair:5   | 11961 ||| Stepping ~*~*~tactically~*~*~ (stealth).
 11963 | Lair:5   | 11963 ||| Stepping ~*~*~tactically~*~*~ (stealth).
 11964 | Lair:5   | 11964 ||| Stepping ~*~*~tactically~*~*~ (stealth).
 11965 | Lair:5   | 11965 ||| Stepping ~*~*~tactically~*~*~ (stealth).
 11966 | Lair:5   | 11966 ||| INVOKING Heroism.
 12285 | Lair:5   | 12285 ||| Stepping ~*~*~tactically~*~*~ (stealth).
 12286 | Lair:5   | 12286 ||| Stepping ~*~*~tactically~*~*~ (stealth).
 12288 | Lair:5   | 12288 ||| INVOKING Heroism.
 12326 | Lair:5   | 12326 ||| INVOKING Heroism.
 12391 | Lair:5   | 12391 ||| INVOKING Heroism.
 12392 | Lair:5   | 12392 ||| SWAPPING to +0 morningstar.
 12398 | Lair:5   | 12398 ||| SWAPPING to +2 war axe of draining.
 12541 | Lair:5   | 12541 ||| INVOKING Heroism.
 12570 | Lair:5   | 12570 ||| INVOKING Heroism.
 12676 | Lair:5   | 12676 ||| INVOKING Heroism.
 12683 | Lair:5   | Received a gift from Okawaru
 12684 | Lair:5   | Reached skill level 15 in Axes
 12703 | Lair:5   | Reached skill level 3 in Throwing
 12703 | Lair:5   | Gained mutation: Your large and strong wings let you fly.
                  | [Gargoyle growth]
 12703 | Lair:5   | Reached XP level 14. HP: 90/90 MP: 21/21
 12707 | Lair:5   | 12707 ||| Stepping ~*~*~tactically~*~*~ (hiding).
 12733 | Lair:5   | 12733 ||| Stepping ~*~*~tactically~*~*~ (stealth).
 12736 | Lair:5   | 12736 ||| Stepping ~*~*~tactically~*~*~ (stealth).
 12739 | Lair:5   | 12739 ||| Stepping ~*~*~tactically~*~*~ (stealth).
 12741 | Lair:5   | 12741 ||| INVOKING Heroism.
 12839 | Lair:5   | 12839 ||| INVOKING Heroism.
 12840 | Lair:5   | 12840 ||| Stepping ~*~*~tactically~*~*~ (stealth).
 12906 | Lair:5   | 12906 ||| INVOKING Heroism.
 12999 | Lair:5   | 12999 ||| INVOKING Heroism.
 13049 | Lair:5   | 13049 ||| INVOKING Heroism.
 13056 | Lair:5   | Reached skill level 6 in Throwing
 13097 | Lair:5   | 13097 ||| Stepping ~*~*~tactically~*~*~ (stealth).
 13098 | Lair:5   | 13098 ||| Stepping ~*~*~tactically~*~*~ (stealth).
 13395 | Lair:5   | Found a viscous altar of Jiyva.
 13396 | Lair:5   | Found a staircase to the Slime Pits.
 13400 | Lair:5   | 13400 ||| INVOKING Heroism.
 13404 | Lair:5   | 13404 ||| SWAPPING to +0 morningstar.
 13408 | Lair:5   | 13408 ||| SWAPPING to +2 war axe of draining.
 13717 | Lair:5   | 13717 ||| PLANNING D:1-11
 13717 | Lair:5   | 13717 ||| DROPPING +6 ring of intelligence.
 13718 | Lair:5   | 13718 ||| READING 3 scrolls of identify.
 13718 | Lair:5   | 13718 ||| IDENTIFYING murky sapphire potion
 13719 | Lair:5   | 13719 ||| READING 2 scrolls of identify.
 13719 | Lair:5   | 13719 ||| IDENTIFYING fuming silvery potion
 13845 | D:10     | Entered Level 10 of the Dungeon
 13873 | D:10     | Identified the staff of fire "Weuba" {rF+ rCorr Str+6}
 13974 | D:10     | 13974 ||| Stepping ~*~*~tactically~*~*~ (hiding).
 13979 | D:10     | 13979 ||| Stepping ~*~*~tactically~*~*~ (hiding).
 14133 | D:10     | 14133 ||| Stepping ~*~*~tactically~*~*~ (stealth).
 14171 | D:10     | 14171 ||| INVOKING Heroism.
 14491 | D:10     | 14491 ||| INVOKING Heroism.
 14507 | D:10     | 14507 ||| Stepping ~*~*~tactically~*~*~ (stealth).
 14593 | D:10     | Reached skill level 12 in Fighting
 15129 | D:10     | 15129 ||| UPGRADING to +0 cloak.
 15134 | D:10     | 15134 ||| READING 2 scrolls of identify.
 15134 | D:10     | 15134 ||| IDENTIFYING lumpy red potion
 15168 | D:11     | 15168 ||| PLANNING GAUNTLET
 15357 | D:11     | Found a gate leading to a gauntlet.
 15358 | D:11     | 15358 ||| READING 4 scrolls of identify.
 15358 | D:11     | 15358 ||| IDENTIFYING cyan potion
 15359 | D:11     | 15359 ||| DRINKING potion of experience.
 15359 | D:11     | Reached XP level 15. HP: 96/96 MP: 22/22
 15368 | Gauntlet | Entered a Gauntlet
 15368 | Gauntlet | Found a transporter.
 15378 | Gauntlet | Found a transporter.
 15394 | Gauntlet | Found a transporter.
 15398 | Gauntlet | Found a transporter.
 15419 | Gauntlet | Found a transporter.
 15432 | Gauntlet | Found a transporter.
 15446 | Gauntlet | Found a transporter.
 15475 | Gauntlet | Found a transporter.
 15475 | Gauntlet | Found a transporter.
 15480 | Gauntlet | Found a transporter.
 15503 | Gauntlet | Found a transporter.
 15510 | Gauntlet | Found a transporter.
 15607 | Gauntlet | 15607 ||| Stepping randomly (stuck).
 15608 | Gauntlet | 15608 ||| Stepping randomly (stuck).
 15618 | Gauntlet | Identified the ring of Viurropsun {Drain rN+++ Dex+6 SInv}
 15620 | Gauntlet | 15620 ||| DROPPING ring of positive energy.
 15627 | Gauntlet | 15627 ||| Stepping ~*~*~tactically~*~*~ (hiding).
 15629 | Gauntlet | 15629 ||| INVOKING Heroism.
 15715 | D:11     | 15715 ||| PLANNING D:1-11
 15877 | D:11     | Received a gift from Okawaru
 16153 | D:11     | 16153 ||| PLANNING D
 16248 | D:12     | Received a gift from Okawaru
 16284 | D:12     | 16284 ||| INVOKING Heroism.
 16396 | D:12     | 16396 ||| Stepping ~*~*~tactically~*~*~ (stealth).
 16401 | D:12     | 16401 ||| Stepping ~*~*~tactically~*~*~ (hiding).
 16515 | D:12     | 16515 ||| READING scroll of enchant armour.
 16515 | D:12     | 16515 ||| ENCHANTING +0 pair of gloves.
 16571 | D:12     | 16571 ||| Stepping ~*~*~tactically~*~*~ (stealth).
 16613 | D:12     | Found a staircase to the Orcish Mines.
 16627 | D:12     | 16627 ||| READING scroll of enchant armour.
 16627 | D:12     | 16627 ||| ENCHANTING +1 pair of gloves.
 16634 | D:12     | Found the brooch of Shielding {Spirit SH+8}
 16964 | D:12     | 16964 ||| Stepping ~*~*~tactically~*~*~ (hiding).
 16977 | D:12     | 16977 ||| READING scroll labelled HAQOFY QOOHEGH.
 17042 | D:13     | 17042 ||| INVOKING Heroism.
 17045 | D:13     | Reached skill level 16 in Axes
 17145 | D:13     | 17145 ||| INVOKING Heroism.
 17146 | D:13     | 17146 ||| INVOKING Finesse.
 17151 | D:13     | 17151 ||| SWAPPING to +0 morningstar.
 17154 | D:13     | 17154 ||| SWAPPING to +2 war axe of draining.
 17276 | D:13     | 17276 ||| Stepping ~*~*~tactically~*~*~ (hiding).
 17281 | D:13     | 17281 ||| INVOKING Heroism.
 17359 | D:13     | Found Jifutrotz's Assorted Antiques.
 17362 | D:13     | 17362 ||| BUYING potion of heal wounds (115 gold).
 17362 | D:13     | Bought a potion of heal wounds for 115 gold pieces
 17408 | D:13     | Reached skill level 3 in Dodging
 17486 | D:13     | 17486 ||| READING scroll of brand weapon.
 17486 | D:13     | 17486 ||| BRANDING +2 war axe of draining.
 17904 | D:13     | 17904 ||| UPGRADING to +6 ring of strength.
 18004 | D:14     | Reached XP level 16. HP: 101/101 MP: 23/23
 18165 | D:14     | 18165 ||| READING scroll of brand weapon.
 18165 | D:14     | 18165 ||| BRANDING +2 war axe of protection.
 18175 | D:14     | 18175 ||| INVOKING Heroism.
 18176 | D:14     | 18176 ||| INVOKING Finesse.
 18277 | D:14     | Found a gate to the Vaults.
 18278 | D:14     | 18278 ||| INVOKING Heroism.
 18280 | D:14     | 18280 ||| INVOKING Finesse.
 18293 | D:14     | 18293 ||| SWAPPING to +0 morningstar.
 18296 | D:14     | 18296 ||| SWAPPING to +2 war axe of freezing.
 18311 | D:14     | Received a gift from Okawaru
 18462 | D:14     | 18462 ||| SWAPPING to +2 broad axe of venom.
 18463 | D:14     | 18463 ||| DROPPING +2 war axe of freezing.
 18470 | D:14     | 18470 ||| Stepping ~*~*~tactically~*~*~ (hiding).
 18472 | D:14     | 18472 ||| Stepping ~*~*~tactically~*~*~ (hiding).
 18515 | D:14     | Found an opulent altar of Gozag.
 18553 | D:14     | 18553 ||| Stepping ~*~*~tactically~*~*~ (hiding).
 18557 | D:14     | 18557 ||| Stepping ~*~*~tactically~*~*~ (hiding).
 18559 | D:14     | 18559 ||| Stepping ~*~*~tactically~*~*~ (hiding).
 18560 | D:14     | 18560 ||| Stepping ~*~*~tactically~*~*~ (hiding).
 18561 | D:14     | 18561 ||| Stepping ~*~*~tactically~*~*~ (hiding).
 18612 | D:14     | 18612 ||| INVOKING Heroism.
 18870 | D:14     | 18870 ||| INVOKING Heroism.
 18920 | D:14     | 18920 ||| SWAPPING to +0 morningstar.
 18926 | D:14     | 18926 ||| READING 4 scrolls of teleportation.
 18927 | D:14     | 18927 ||| SWAPPING to +2 broad axe of venom.
 19291 | D:15     | Entered Level 15 of the Dungeon
 19303 | D:15     | 19303 ||| INVOKING Heroism.
 19366 | D:15     | 19366 ||| INVOKING Heroism.
 19595 | D:15     | Found a frozen archway.
 19599 | D:15     | 19599 ||| READING scroll of enchant weapon.
 19599 | D:15     | 19599 ||| ENCHANTING +2 broad axe of venom.
 19893 | D:15     | 19893 ||| INVOKING Heroism.
 19931 | D:15     | 19931 ||| Stepping ~*~*~tactically~*~*~ (stealth).
 19959 | D:15     | Found a staircase to the Depths.
 20022 | D:15     | 20022 ||| PLANNING ORC
 20128 | Orc:1    | Entered Level 1 of the Orcish Mines
 20130 | Orc:1    | 20130 ||| FLEEEEING.
 20131 | Orc:1    | 20131 ||| STAIRDANCE
 20162 | Orc:1    | 20162 ||| STAIRDANCE
 20207 | Orc:1    | 20207 ||| STAIRDANCE
 20209 | D:12     | 20209 ||| INVOKING Heroism.
 20416 | Orc:1    | Received a gift from Okawaru
 20432 | Orc:1    | Noticed Jorgrun
 20433 | Orc:1    | 20433 ||| INVOKING Heroism.
 20445 | Orc:1    | Killed from afar by Jorgrun

Levels and vault maps discovered:
D:1:      mainiacjoe_arrival_reflecting_pool, layout_basic
D:2:      layout_basic, corexii_item_surrounded_by_moat, nrook_mini_backslash,
          minmay_misc_feat_ornament, uniq_sigmund, uniq_natasha, uniq_jessica
D:3:      layout_basic, nicolae_sif_muna_little_library,
          mainiacjoe_overflow_catwalk
D:4:      layout_basic, mainiacjoe_overflow_chevrons, dk_yredelemnul_ordeal,
          grunt_ministairs_7, uniq_ijyb, uniq_duvessa
D:5:      lemuel_castle_with_subvaults [lemuel_castle_interior_carwin_1],
          layout_loops_corners, nicolae_tso_carved_into_rock,
          gammafunk_ghost_hive
D:6:      lemuel_ice_spiral_2, layout_rooms, minitemple,
          minmay_temple_entry_statues_fountains, portal_sewer_entry_f,
          minmay_misc_feat_doors
D:7:      layout_gridville, general_overflow_altar, bloody_trog, serial_shops,
          shop
D:8:      layout_loops_ring, kennysheep_small_spiral
D:9:      layout_cave_pools, grunt_qazlal_clouds,
          grunt_lair_entry_orc_guard_hut, chequers_serial_rivers_micro_b
D:10:     layout_stronghold, wad_rectangle_vault
D:11:     layout_long_grid, gauntlet_entry_generic
D:12:     layout_roguey [special_room_bee], orc_0_dummy, minmay_fountain_box
D:13:     layout_cave_pods, serial_shops, kennysheep_mini_moat
D:14:     layout_stronghold, lightli_vaults_fourway_checkpoint,
          grunt_gozag_statues, kennysheep_small_circle
D:15:     grunt_enter_depths_magical_seal, layout_rooms, serial_ice,
          serial_ice_h, serial_ice_e, serial_ice_k, serial_ice_c,
          portal_ice_cave_entry_pillars_four
Temple:   hellmonk_temple_two_chambers
Lair:1:   layout_cave_shapes, grunt_megastairs_1
Lair:2:   layout_layer_cave, swamp_mist, serial_bayou_shore_a
Lair:3:   layout_hall_layers, nicolae_spider_entry_lesser_pyramids,
          wad_woods_road_01, grunt_megastairs_2
Lair:4:   layout_long_grid
Lair:5:   evilmike_catoblepas_cave, layout_cave_pods, slime_entry_1,
          nicolae_volcano_entry_hallway, grunt_forest_large_clearing_hut,
          uniq_rupert
Orc:1:    layout_diamond_mine, basic_altar, mines5_lemuel, uniq_jorgrun

Skill      XL: |  1  2  3  4  5  6  7  8  9 10 11 12 13 14 15 16 |
---------------+-------------------------------------------------+-----
Axes           | 2 3 4 5 6 7 8 10 11 12 13 15 16 | 16.9
Fighting       | 4 5 6 7 8 9 10 11 12 13 | 13.0
Dodging        | 1 2 3 |  3.0
Armour         | 5 6 8 9 10 13 | 13.1
Throwing       | 1 2 3 6 7 |  7.0
Shields        | 4 5 6 7 8 |  8.0
Invocations    | 4 6 10 | 10.1

Action                     |  1- 3 |  4- 6 |  7- 9 | 10-12 | 13-15 | 16-18 || total
---------------------------+-------+-------+-------+-------+-------+-------++-------
  Melee: War axe           |    77 |   121 |   356 |   339 |   542 |    63 ||  1498
         Morningstar       |       |       |       |     1 |    10 |     7 ||    18
         Broad axe         |       |       |       |       |       |   158 ||   158
  Throw: Boomerang         |       |       |   101 |    97 |    18 |     1 ||   217
         Javelin           |       |       |       |       |    56 |    25 ||    81
 Invoke: Heroism           |       |       |       |    18 |    24 |     9 ||    51
         Finesse           |       |       |       |     1 |     2 |     2 ||     5
    Use: Scroll            |     4 |     7 |     4 |     6 |     9 |     3 ||    33
         Potion            |       |       |     9 |       |     1 |       ||    10
 Armour: Scale mail        |    29 |       |       |       |       |       ||    29
         Chain mail        |    16 |    68 |    41 |       |       |       ||   125
         Plate armour      |       |       |   120 |   151 |   259 |   108 ||   638
  Dodge: Dodged            |    34 |    32 |    84 |    71 |    96 |    65 ||   382
  Block: Buckler           |    22 |    33 |   144 |   118 |   209 |    96 ||   622
         Reflection        |       |       |    10 |     1 |     4 |     8 ||    23

Table legend:
 A = Non-vault XP
 B = Vault XP
 C = Vault XP percentage of total XP
 D = Non-vault monster count
 E = Vault monster count
 F = Vault count percentage of total count
                 A         B        C        D         E       F
            +---------+---------+-------+---------+---------+-------
      Total |   73599 |   43751 |  37.3 |     413 |     211 |  33.8
            +---------+---------+-------+---------+---------+-------
        D:1 |      24 |       0 |   0.0 |      15 |       0 |   0.0
        D:2 |      59 |     298 |  83.5 |      16 |       3 |  15.8
        D:3 |     100 |       0 |   0.0 |      25 |       0 |   0.0
        D:4 |     532 |     254 |  32.3 |      20 |       6 |  23.1
        D:5 |     379 |     477 |  55.7 |      15 |      55 |  78.6
        D:6 |     748 |       8 |   1.1 |      22 |       4 |  15.4
        D:7 |    1128 |       0 |   0.0 |      29 |       0 |   0.0
        D:8 |    1358 |       0 |   0.0 |      18 |       0 |   0.0
        D:9 |    3462 |     714 |  17.1 |      31 |       6 |  16.2
       D:10 |    3357 |    1642 |  32.8 |      24 |       6 |  20.0
       D:11 |    3740 |       0 |   0.0 |      17 |       0 |   0.0
       D:12 |    4758 |    2604 |  35.4 |      22 |      26 |  54.2
       D:13 |    6307 |       0 |   0.0 |      17 |       0 |   0.0
       D:14 |    6649 |   10208 |  60.6 |      19 |      15 |  44.1
       D:15 |    3391 |    5823 |  63.2 |       9 |      15 |  62.5
     Lair:1 |    8254 |    1580 |  16.1 |      36 |       7 |  16.3
     Lair:2 |    4909 |       0 |   0.0 |      14 |       0 |   0.0
     Lair:3 |    4759 |    2138 |  31.0 |      12 |       9 |  42.9
     Lair:4 |    6094 |       0 |   0.0 |      16 |       0 |   0.0
     Lair:5 |   13129 |   14231 |  52.0 |      30 |      27 |  47.4
      Orc:1 |     462 |       0 |   0.0 |       6 |       0 |   0.0
      Sewer |       0 |     818 | 100.0 |       0 |      28 | 100.0
   Gauntlet |       0 |    2956 | 100.0 |       0 |       4 | 100.0
            +---------+---------+-------+---------+---------+-------
